 Dungeon Crawl Stone Soup version 0.31-a0-876-gfe8ebadbca (webtiles) character file.

Game seed: 1945318249349387668

150 Naiya55 the Chiller (level 5, -7/44 HPs)
             Began as a Naga Ice Elementalist on Oct 13, 2023.
             Mangled by an ice beast (8 damage)
             ... on level 4 of the Dungeon.
             The game lasted 00:09:31 (3355 turns).

Naiya55 the Chiller (Naga Ice Elementalist)         Turns: 3355, Time: 00:09:32

Health: -7/44      AC:  2    Str: 11    XL:     5   Next: 32%
Magic:  8/8        EV:  9    Int: 17    God:
Gold:   298        SH:  0    Dex: 11    Spells: 4/8 levels left

rFire   . . .        k - +1 spear (freeze)
rCold   . . .        (no shield)
rNeg    . . .        a - +0 robe
rPois   +            (no helmet)
rElec   .            (no cloak)
rCorr   .            (no gloves)
SInv    +            (no barding)
Will    .....        (no amulet)
Stlth   ++           (no ring)
HPRegen 0.27/turn    (no ring)
MPRegen 0.11/turn

%: no passive effects
@: very slow
A: AC +1, large, see invisible, deformed body, poison resistance, slowness 2,
spit poison 1, naga tail 1
a: Spit Poison


You were on level 4 of the Dungeon.
You visited 2 branches of the dungeon, and saw 5 of its levels.

You collected 298 gold pieces.

Inventory:

Hand Weapons
 k - a +1 spear of freezing (weapon)
 q - a +2 dagger of venom
Missiles
 r - 7 poisoned darts
Armour
 a - a +0 robe (worn)
Magical Staves
 h - a staff of fire
Jewellery
 t - a +6 ring of strength
Scrolls
 c - 4 scrolls of identify {unknown}
 d - a scroll of poison {unknown}
 e - 2 scrolls of teleportation {unknown}
 f - a scroll of fog {unknown}
 g - 2 scrolls of vulnerability {unknown}
 p - a scroll of enchant weapon {unknown}
Potions
 b - a potion of magic
 i - 2 potions of enlightenment {unknown}
 j - 2 potions of heal wounds {unknown}
 l - a potion of lignification {unknown}
 m - a potion of might {unknown}
 n - a potion of haste {unknown}
 o - a potion of brilliance {unknown}
 s - a potion of attraction {unknown}


   Skills:
 * Level 1.0 Fighting
 - Level 1.5 Dodging
 + Level 3.3 Stealth
 - Level 2.0 Spellcasting
 - Level 6.2 Ice Magic


You had 4 spell levels left.
You knew the following spells:

 Your Spells              Type           Power      Damage    Failure   Level
a - Freeze                Ice            88%        1d9       1%          1
b - Frozen Ramparts       Ice            44%        1d7       4%          3

Your spell library contained the following spells:

 Spells                   Type           Power      Damage    Failure   Level
 Ozocubu's Armour         Ice            22%        N/A       4%          3
 Blink                    Tloc           2%         N/A       28%         2
 Summon Ice Beast         Ice/Summ       12%        N/A       47%         4
 Inner Flame              Hex/Fire       1%         N/A       50%         3
 Manifold Assault         Tloc           1%         N/A       88%         4
 Yara's Violent Unravell  Hex/Tmut       0%         3d3       99%         5
 Enfeeble                 Hex            0%         N/A       100%        7


Dungeon Overview and Level Annotations

Branches:
Dungeon (4/15)             Temple (1/1) D:4

Altars:
Ashenzari
Dithmenos
Elyvilon
Fedhas
Hepliaklqana
Kikubaaqudgha
Makhleb
Nemelex Xobeh
Okawaru
Ru
Sif Muna
Trog
Wu Jian
Xom
Yredelemnul
Zin


Innate Abilities, Weirdness & Mutations

Your serpentine skin is tough. (AC +1)
You have supernaturally acute eyesight. (SInv)
Armour fits poorly on your strangely shaped body.
Your system is resistant to poisons. (rPois)
You cover ground very slowly.
You can spit poison.
You have a snake-like lower body.


Message History

The endoplasm is heavily wounded.
You have got your breath back.
The wall freezes the endoplasm.
You puncture the endoplasm! You freeze the endoplasm.
You kill the endoplasm!
Your Fighting skill increases to level 1!
The frozen ramparts melt away as you move.
Magic restored.
There is a stone staircase leading up here.
c - 4 scrolls labelled EWNAATWIYFU (gained 1)
t - a +6 ring of strength A ball python comes into view.
The ball python moves out of view.
A ball python is nearby!
j - 2 yellow potions (gained 1)
A ball python is nearby!
The ball python hisses angrily.
The ball python bites you.
The ball python bites you but does no damage.
You hit the ball python.
The ball python seems to slow down.
You freeze the ball python.
You kill the ball python!
You see here a ball python corpse.
You see here a ball python corpse.
A giant cockroach, an adder and an ice beast come into view.
Found 6 poisoned darts.
The ice beast barely misses you. The ice beast hits you.
The ice beast freezes you!
The ice beast attacks as it pursues you!
The ice beast hits you. The ice beast freezes you!
The ice beast attacks as it pursues you!
The ice beast hits you.
* * * LOW HITPOINT WARNING * * *
The ice beast freezes you!
* * * LOW HITPOINT WARNING * * *
You barely miss the ice beast. The ice beast barely misses you. x2
You barely miss the ice beast. The ice beast hits you.
* * * LOW HITPOINT WARNING * * *
The ice beast freezes you!
You die...

########...###....
#........#......##
#.######...##...##
#.# ##.###.....
#.# #......... #.#
######..## #.#
#.... #.# #.#<#
#@### #.#.# #Y..#
#####.#.# #...#
#.....#.# ##.#####
#.#####.# #.....#
### #.# #..#.....#
#.# #..#.###..#
#.# ##.#B( .
#.##..


You could see an ice beast.

Vanquished Creatures
  An iguana (D:4)
  An orc wizard (D:3)
  3 adders
  2 worms
  3 dart slugs
  4 orcs
  3 endoplasms
  3 giant cockroaches
  7 goblins
  3 hobgoblins
  3 kobolds
  10 ball pythons
  6 bats
  2 frilled lizards
  8 rats
59 creatures vanquished.

Notes
Turn   | Place    | Note
-------+----------+-------------------------------------------
     0 | D:1      | Naiya55 the Naga Ice Elementalist began the quest for the
                  | Orb.
     0 | D:1      | Reached XP level 1. HP: 15/15 MP: 3/3
   380 | D:1      | Reached XP level 2. HP: 22/22 MP: 5/5
  1552 | D:2      | Reached XP level 3. HP: 28/28 MP: 3/6
  1594 | D:2      | Reached skill level 5 in Ice Magic
  2082 | D:3      | Learned a level 3 spell: Frozen Ramparts
  2198 | D:3      | Reached XP level 4. HP: 36/36 MP: 5/7
  2511 | D:3      | Found a sacrificial altar of Ru.
  2971 | D:3      | Reached skill level 6 in Ice Magic
  2971 | D:3      | Reached XP level 5. HP: 24/42 MP: 5/8
  3108 | D:4      | Found a staircase to the Ecumenical Temple.
  3118 | Temple   | Entered the Ecumenical Temple
  3212 | D:4      | Reached skill level 1 in Fighting
  3344 | D:4      | Noticed an ice beast
  3355 | D:4      | HP: 1/44 [ice beast (3)]
  3355 | D:4      | Mangled by an ice beast

Illustrated notes

Levels and vault maps discovered:
D:1:      dpeg_arrival_court, layout_loops_ring, serial_forest,
          infiniplex_forest_join, infiniplex_forest_lined_ring,
          infiniplex_forest_clump_C, infiniplex_forest_clump_large,
          infiniplex_forest_clump_small, infiniplex_forest_straight_3,
          infiniplex_forest_clump_long, infiniplex_forest_clump_tiny,
          kennysheep_another_room
D:2:      layout_basic
D:3:      layout_loops_corners, hangedman_ru_absence, kennysheep_potato
D:4:      minmay_evil_eye, layout_loops_ring, nicolae_uskayaw_dance_hall,
          minmay_temple_entry_antechambers
Temple:   regret_index_temple_waves

Skill      XL: |  1  2  3  4  5 |
---------------+----------------+-----
Ice Magic      | 5 6 |  6.2
Fighting       | 1 |  1.0
Dodging        | |  1.5
Stealth        | |  3.3
Spellcasting   | |  2.0

Action                     |  1- 3 |  4- 6 || total
---------------------------+-------+-------++-------
  Melee: Spear             |   351 |    44 ||   395
         Unarmed           |     4 |       ||     4
         Punch             |     4 |       ||     4
   Cast: Freeze            |    14 |     7 ||    21
         Frozen Ramparts   |       |     1 ||     1
Ability: Spit Poison       |     6 |     6 ||    12
   Stab: Sleeping          |     5 |     5 ||    10
 Armour: Robe              |    48 |    45 ||    93
  Dodge: Dodged            |    34 |    19 ||    53

Table legend: (Time is in decaauts)
 A = Elapsed time spent in this place.
 B = Non-inter-level travel time spent in this place.
 C = Inter-level travel time spent in this place.
 D = Time resting spent in this place.
 E = Time spent auto-exploring this place.
 F = Levels seen in this place.
 G = Mean time per level.
                   A        B        C        D        E       F      G
               +--------+--------+--------+--------+--------+-----+--------+
         Total |   4385 |   4268 |    117 |     26 |   3201 |   5 |  877.0 |
       Dungeon |   4381 |   4264 |    117 |     26 |   3201 |   4 | 1095.2 |
        Temple |      4 |      4 |      0 |      0 |      0 |   1 |    4.0 |
               +--------+--------+--------+--------+--------+-----+--------+

Top non-repeatable levels by time:
     D:1: 1554 daAuts
     D:3: 1291 daAuts
     D:2: 1056 daAuts
     D:4: 479 daAuts
  Temple: 4 daAuts
